 Dungeon Crawl Stone Soup version 0.14.0-18-g0341e45 (webtiles) character file.

317 Qrupt the Firebug (level 5, -1/35 HPs)
             Began as a Mummy Fire Elementalist on Apr 20, 2014.
             Killed from afar by an orc wizard (5 damage)
             ... with a magic dart
             ... on Level 4 of the Dungeon.
             The game lasted 00:15:46 (4754 turns).

Qrupt the Firebug (Mummy Fire Elementalist)         Turns: 4754, Time: 00:15:47

HP  -1/35        AC  5     Str 11      XL: 5   Next: 54%
MP  11/11        EV 10     Int 15      God:
Gold 110         SH  0     Dex 12      Spells:  3 memorised,  2 levels left

rFire  x . .     SeeInvis .     i - +0 mace
rCold  + + .     Clarity  .     p - +1 leather armour {rC+}
rNeg   + + +     Conserve .     (no shield)
rPois  +         rCorr    .     m - +0 helmet
rElec  .         rRot     +     (no cloak)
SustAb . .       Spirit   .     (no gloves)
rMut   .         Warding  .     (no boots)
Saprov . . .     Stasis   .     (no amulet)
MR     .....                    (no ring)
                                (no ring)

@: very slightly contaminated, not resistant to hostile enchantments, unstealthy
A: no food or potions, fire vulnerability, restore body, cold resistance 1, life
protection 3, poison resistance, torment resistance, unbreathing
a: no special abilities


You were on level 4 of the Dungeon.
You were not hungry.

You visited 1 branch of the dungeon, and saw 4 of its levels.

You collected 110 gold pieces.

Inventory:

Hand weapons
 i - a +0,+0 mace (weapon)
Armour
 a - a +0 robe
 m - a +0 helmet (worn)
 o - a +0 ring mail
 p - a +1 leather armour of cold resistance (worn)
Scrolls
 c - 3 scrolls of teleportation {unknown}
 d - a scroll of random uselessness {unknown}
 e - 5 scrolls of identify
 f - a scroll of fog {unknown}
 g - 2 scrolls of immolation
 h - a scroll of remove curse {unknown}
 j - a scroll of enchant weapon II {unknown}
 l - a scroll of recharging {unknown}
Jewellery
 n - a cursed -2 ring of protection
Books
 b - a book of Flames

   Spells                             Type                      Level
   *Flame Tongue                      Conjuration/Fire             1
   Throw Flame                        Conjuration/Fire             2
   *Conjure Flame                     Conjuration/Fire             3
   Inner Flame                        Hexes/Fire                   3
   *Sticky Flame                      Conjuration/Fire             4
   Fireball                           Conjuration/Fire             5


   Skills:
 - Level 1.5 Dodging
 - Level 1.5 Stealth
 + Level 3.3 Spellcasting
 + Level 2.4 Conjurations
 + Level 3.7 Fire Magic


You had 2 spell levels left.
You knew the following spells:

 Your Spells              Type           Power        Failure   Level  Hunger
a - Flame Tongue          Conj/Fire      ##...        8%          1    N/A
b - Conjure Flame         Conj/Fire      ##......     21%         3    N/A
c - Sticky Flame          Conj/Fire      ##......     67%         4    N/A

Dungeon Overview and Level Annotations

Branches:
Dungeon (4/15)
 Temple: D:4-7

Altars:
Xom
Yredelemnul


Innate Abilities, Weirdness & Mutations

You do not eat or drink.
Your flesh is vulnerable to fire.
Your flesh is cold resistant.
You are immune to negative energy.
Your system is resistant to poisons.
You are immune to unholy pain and torment.
You can survive without breathing.


Message History

Something hits you.
You hear some strange, mumbled words.
The magic dart hits you!
You see here a rat corpse.
Something hits you but does no damage. Something hits you.
You see here a rat corpse.
Ouch! You feel less confused.
You hear some strange, mumbled words.
The puff of flame hits you! The fire burns you terribly!
Read which item? (? for menu, Esc to quit)
Blink to where?
Press: ? - help, Dir - move target cursor
As you read the scroll of blinking, it crumbles to dust.
You are very lightly contaminated with residual magic.
The magic dart hits you!
* * * LOW HITPOINT WARNING * * *
The magic dart hits you!
You die...

.....................
##.!......###.########
......................#
#...........###.######.#
...........# #.# #.#
#........# #.# #.#
#....)...###.######.#
#...................#
+...@.%..###........#
#........########.#.#
...).......ยง............
####################.###
#.......... #[###...###
#.[...# #.##..# #.#...#


There were no monsters in sight!

Vanquished Creatures
  A scorpion (D:3)
  An orc priest (D:3)
  Ijyb (D:2)
  An ogre skeleton (D:4)
  2 big fish zombies (D:2)
  A gnoll (D:2)
  A worm (D:2)
  2 giant geckos (D:3)
  An ooze (D:1)
  4 orcs
  A ball python (D:3)
  3 giant cockroaches
  5 goblins
  4 hobgoblins
  2 jackals (D:1)
  2 quokkas
  6 bats
  4 giant newts
  A goblin skeleton (D:4)
  6 kobolds
  12 rats
61 creatures vanquished.

Notes
Turn   | Place    | Note
--------------------------------------------------------------
     0 | D:1      | Qrupt, the Mummy Fire Elementalist, began the quest for the Orb.
     0 | D:1      | Reached XP level 1. HP: 13/13 MP: 3/3
   378 | D:1      | Reached skill level 1 in Conjurations
   378 | D:1      | Reached XP level 2. HP: 7/19 MP: 1/5
  1516 | D:2      | Reached skill level 3 in Fire Magic
  1516 | D:2      | Reached XP level 3. HP: 22/24 MP: 0/6
  1522 | D:2      | Learned a level 3 spell: Conjure Flame
  1595 | D:2      | Found a basalt altar of Yredelemnul.
  2004 | D:2      | Noticed Ijyb
  2039 | D:2      | Killed Ijyb
  2168 | D:2      | Reached XP level 4. HP: 30/30 MP: 0/8
  2622 | D:2      | Found a shimmering altar of Xom.
  3640 | D:3      | Learned a level 4 spell: Sticky Flame
  3895 | D:3      | Reached XP level 5. HP: 29/35 MP: 0/11
  4754 | D:4      | Killed from afar by an orc wizard

Action                   |  1- 3 |  4- 6 || total
-------------------------+-------+-------++-------
Melee: Unarmed           |    21 |       ||    21
       Mace              |    15 |    20 ||    35
 Cast: Flame Tongue      |    72 |    85 ||   157
       Conjure Flame     |       |     4 ||     4
  Use: Scroll            |       |     4 ||     4
